Map: [ESL] Royal Blood

Players

marcj (uThermal)

  • Race: Terran Terran
  • League: Master
  • Spawn Location: 1:00

ShaDoWn - Winner!

  • Race: Protoss Protoss
  • Spawn Location: 7:00

Event: HomeStory Cup XXIII

VOD

Have the link to the VOD?

Description

Time

  • Played on: July 1, 2023, 2:27 p.m.
  • Length: 11:08

All games in this series

Show
View Real Time Build Order
Export as new Build Order

marcj Terran 

Build Orders: Cyclone Opening 

Get SALT Encoding   

  12  0:00  SCV  
  13  0:12  SCV  
  14  0:17  Supply Depot  
  14  0:24  SCV  
  15  0:38  SCV  
  15  0:40  Barracks  
  16  0:44  Refinery  
  16  0:50  SCV  
  16  0:52  Refinery  
  17  1:03  SCV  
  18  1:15  SCV  
  19  1:27  Orbital Command, Reaper  
  19  1:28  Supply Depot  
  20  1:45  Factory  
  20  1:54  SCV  
  21  1:59  Barracks Reactor  
  21  2:06  SCV  
  22  2:18  SCV  
  23  2:24  Command Center  
  23  2:28  Factory Tech Lab  
  23  2:30  SCV  
  23  2:36  Reaper  
  26  2:40  Supply Depot  
  26  2:48  Cyclone  
  28  2:54  Reaper  
  28  2:55  SCV  
  30  3:08  Engineering Bay, Reaper  
  30  3:10  SCV  
  32  3:20  Cyclone  
  32  3:23  SCV  
  36  3:30  Reaper  
  37  3:35  SCV  
  37  3:41  Marine  
  38  3:48  SCV  
  42  4:06  Planetary Fortress  
  42  4:08  SCV  
  42  4:09  Marine x2  
  41  4:21  Cyclone  
  44  4:30  SCV, Command Center  
  45  4:36  Marine  
  46  4:39  Marine  
  46  4:54  Missile Turret  
  46  4:59  Missile Turret  
  45  5:00  SCV  
  44  5:07  Missile Turret  
  41  5:17  Siege Tank  
  42  5:22  Marine  
  42  5:24  SCV  
  44  5:28  Marine  
  44  5:29  SCV  
  42  5:37  SCV  
  42  5:40  Marine  
  42  5:41  SCV  
  44  5:46  Marine  
  44  5:49  SCV  
  45  5:50  Siege Tank  
  44  5:59  Orbital Command  
  44  6:04  Marine  
  44  6:06  SCV  
  44  6:10  Marine  
  47  6:14  Missile Turret  
  48  6:22  Siege Tank  
  48  6:24  Marine  
  51  6:27  Marine  
  52  6:33  Factory  
  52  6:36  SCV  
  52  6:37  SCV  
  54  6:42  Marine  
  54  6:45  Marine  
  56  6:48  SCV  
  56  6:51  Supply Depot  
  57  6:54  Siege Tank  
  57  6:57  SCV  
  61  7:07  Supply Depot  
  61  7:08  Marine  
  61  7:11  Supply Depot  
  61  7:12  SCV, Marine  
  61  7:19  Missile Turret  
  61  7:20  Factory Tech Lab  
  54  7:32  Siege Tank  
  54  7:33  SCV  
  54  7:34  Marine  
  58  7:41  Siege Tank  
  58  7:43  Marine  
  62  7:45  SCV  
  62  7:48  SCV  
  64  7:52  Marine  
  64  7:57  SCV  
  66  8:00  SCV  
  66  8:01  Marine  
  68  8:07  Siege Tank  
  71  8:14  Marine  
  71  8:19  Marine  
  73  8:20  Siege Tank  
  73  8:23  SCV x2  
  78  8:32  Marine  
  68  8:37  Marine  
  65  8:55  Missile Turret  
  64  9:06  Missile Turret  
  64  9:10  Marine  
  64  9:13  SCV  
  66  9:23  SCV  
  66  9:25  SCV  
  46  9:57  Orbital Command  
  33  10:37  Orbital Command  
Show
View Real Time Build Order
Export as new Build Order

ShaDoWn Protoss - Winner!

Build Orders: 1 Gate Expand, Dark Templar Rush 

Get SALT Encoding   

  12  0:00  Probe  
  13  0:12  Probe  
  14  0:17  Pylon  
  14  0:24  Probe  
  15  0:35  Gateway  
  15  0:36  Probe (Chrono Boost)  
  16  0:45  Probe (Chrono Boost)  
  16  0:46  Assimilator  
  17  0:51  Probe (Chrono Boost)  
  18  1:03  Probe  
  19  1:15  Probe  
  20  1:22  Cybernetics Core  
  20  1:30  Nexus  
  20  1:38  Pylon  
  20  1:40  Probe  
  20  1:45  Assimilator  
  21  1:52  Probe  
  22  1:56  Adept (Chrono Boost)  
  22  1:59  Warp Gate  
  24  2:04  Probe  
  25  2:16  Probe (Chrono Boost)  
  25  2:19  Stalker  
  28  2:28  Probe (Chrono Boost)  
  28  2:29  Twilight Council  
  29  2:33  Probe (Chrono Boost)  
  30  2:43  Probe (Chrono Boost)  
  32  2:48  Probe (Chrono Boost)  
  32  2:51  Robotics Facility  
  32  2:53  Probe (Chrono Boost)  
  32  2:56  Probe (Chrono Boost)  
  32  2:58  Probe (Chrono Boost)  
  35  3:07  Probe  
  35  3:09  Probe  
  35  3:12  Dark Shrine  
  37  3:17  Shield Battery  
  37  3:19  Probe  
  38  3:21  Probe  
  38  3:27  Gateway  
  38  3:31  Probe  
  38  3:34  Probe  
  42  3:46  Pylon  
  43  3:49  Stalker  
  43  3:52  Immortal (Chrono Boost)  
  43  3:55  Shield Battery  
  46  3:59  Shield Battery  
  44  4:05  Pylon  
  44  4:08  Shield Battery  
  44  4:10  Shield Battery  
  44  4:18  Stalker  
  44  4:19  Probe  
  44  4:21  Stalker  
  49  4:30  Shield Battery  
  53  4:36  Probe  
  53  4:37  Gateway  
  54  4:42  Dark Templar  
  52  4:47  Probe  
  52  4:51  Dark Templar  
  55  4:54  Probe  
  55  4:55  Assimilator  
  55  4:58  Pylon  
  56  5:05  Probe  
  55  5:09  Gateway  
  55  5:10  Probe  
  55  5:11  Robotics Facility  
  56  5:17  Stalker  
  56  5:19  Probe  
  59  5:24  Stalker  
  59  5:25  Probe  
  62  5:31  Probe  
  62  5:33  Stalker  
  63  5:37  Probe  
  63  5:40  Pylon, Assimilator  
  64  5:43  Probe  
  64  5:46  Stalker  
  64  5:49  Probe  
  66  5:55  Probe  
  67  6:01  Probe  
  67  6:02  Warp Prism (Chrono Boost)  
  68  6:04  Shadow Stride (Chrono Boost)  
  70  6:12  Probe  
  70  6:15  Nexus  
  71  6:20  Probe  
  71  6:22  Nexus  
  71  6:23  Pylon  
  71  6:24  Pylon  
  72  6:28  Probe  
  72  6:31  Observer  
  74  6:33  Dark Templar  
  74  6:34  Dark Templar  
  78  6:41  Probe x2  
  78  6:46  Blink (Chrono Boost)  
  80  6:49  Pylon  
  80  6:53  Probe x2, Stalker  
  83  7:05  Probe x2, Observer  
  86  7:14  Shield Battery  
  86  7:18  Probe x2  
  86  7:19  Stalker x3  
  94  7:25  Observer  
  94  7:28  Probe  
  95  7:30  Probe x2  
  95  7:32  Observer  
  95  7:37  Probe  
  95  7:40  Probe  
  95  7:42  Probe x2, Stalker x3  
  105  7:45  Observer  
  106  7:53  Forge  
  106  7:54  Forge  
  106  7:55  Forge  
  106  7:56  Probe  
  107  8:04  Probe  
  107  8:08  Dark Templar x3  
  110  8:15  Nexus  
  109  8:21  Gateway  
  109  8:24  Gateway x2  
  109  8:26  Gateway  
  109  8:27  Gateway  
  109  8:28  Charge (Chrono Boost)  
  109  8:29  Probe  
  109  8:33  Probe  
  105  8:38  Immortal (Chrono Boost)  
  105  8:40  Pylon  
  109  8:44  Dark Templar  
  109  8:46  Probe  
  109  8:47  Pylon  
  112  8:48  Zealot x2  
  114  8:58  Nexus  
  114  8:59  Gateway  
  108  9:06  Gateway  
  108  9:08  Gateway  
  108  9:10  Immortal (Chrono Boost)  
  108  9:12  Stalker x2  
  116  9:18  Shield Battery  
  116  9:22  Zealot x3  
  122  9:24  Nexus  
  122  9:28  Probe  
  121  9:38  Zealot x2  
  117  9:42  Probe x2, Immortal (Chrono Boost)  
  117  9:45  Zealot x3  
  113  9:56  Zealot  
  113  9:57  Probe  
  113  10:00  Probe  
  113  10:05  Zealot x6  
  113  10:06  Zealot  
  109  10:13  Probe  
  105  10:25  Probe  
  91  10:32  Pylon, Stalker x4  
  91  10:34  Zealot  
  101  10:38  Probe (Chrono Boost)  
  101  10:39  Probe (Chrono Boost)  
  101  10:40  Probe (Chrono Boost)  
  101  10:42  Probe (Chrono Boost)  
  104  10:49  Probe x2 (Chrono Boost)  
  106  10:51  Probe (Chrono Boost)  
  106  10:54  Probe (Chrono Boost)  
  106  10:55  Probe (Chrono Boost)  
  106  10:56  Probe x2 (Chrono Boost)  
  108  11:04  Nexus  
  108  11:06  Nexus  
Tags
 
Add a new tag
Caveats
  • Supply blocks, unpowered buildings, or Contaminate may cause inaccurate times.
  • Supply counts are checked every 10 seconds.